TOP OF THE 1ST |
Chester Pirates batting - Pitching for Paris Cubs : LHP Ricardo Saucedo
|
Pitching: LHP Ricardo Saucedo
|
|
Batting: SHB Don Hauk
|
0-0: Called Strike 0-1: Ball 1-1: Foul Ball, location: 2F 1-2: Ball 2-2: Ground out 6-3 (Groundball, 6, EV 83.1 MPH)
|
Batting: RHB Tim Moore
|
0-0: Ball 1-0: Ball 2-0: Ball 3-0: Base on Balls
|
Batting: RHB Jeff Edwards
|
0-0: Called Strike 0-1: Ball 1-1: Ball 2-1: Ball 3-1: DOUBLE (Flyball, 8RXD, EV 108.1 MPH) Tim Moore to third
|
Batting: LHB Carlos Vega
|
0-0: Ball 1-0: SINGLE (Groundball, 4MD, EV 98.1 MPH) Tim Moore scores Jeff Edwards to third
|
Batting: RHB Frank Elizondo
|
0-0: Called Strike 0-1: Called Strike Carlos Vega steals 2nd, throwing error, E2 Jeff Edwards scores Carlos Vega to third 0-2: Ball 1-2: Strikes out swinging
|
Batting: LHB Dustin Herman
|
0-0: Ball 1-0: Foul Ball, location: 2F 1-1: Foul Ball, location: 2F 1-2: Ball 2-2: Foul Ball, location: 2F 2-2: 2-RUN HOME RUN (Flyball, 9LD, EV 96.2 MPH), Distance : 358 ft
|
Batting: RHB Dan Kurtz
|
0-0: Swinging Strike 0-1: Called Strike 0-2: Ball 1-2: Ground out 6-3 (Groundball, 6M, EV 98.1 MPH)
|
Top of the 1st over - 4 runs, 3 hits, 1 error, 0 left on base; Chester 4 - Paris 0 |
BOTTOM OF THE 1ST |
Paris Cubs batting - Pitching for Chester Pirates : LHP Stan Stirnweiss
|
Pitching: LHP Stan Stirnweiss
|
|
Batting: RHB Rich Thurman
|
0-0: DOUBLE (Flyball, 8RD, EV 98.1 MPH)
|
Batting: RHB Eric Wiss
|
0-0: Swinging Strike 0-1: Foul Ball, location: 2F 0-2: Strikes out looking
|
Batting: RHB Gilberto Alvarado
|
0-0: Called Strike 0-1: Called Strike 0-2: Foul Ball, location: 2F 0-2: Ball 1-2: Ball 2-2: DOUBLE (Line Drive, 9LS, EV 100.0 MPH) Rich Thurman scores
|
Batting: LHB Emir Jalil
|
0-0: Foul Ball, location: 2F 0-1: Foul Ball, location: 2F 0-2: Ball 1-2: Foul Ball, location: 2F 1-2: Fly out, F7 (Flyball, 78S, EV 86.2 MPH)
|
Batting: RHB Armando Vilano
|
0-0: SINGLE (Flyball, 34D, EV 89.4 MPH) Gilberto Alvarado to third Throwing error, E9 Gilberto Alvarado scores Armando Vilano to second
|
Batting: RHB Josh Burns
|
0-0: Called Strike 0-1: Foul Ball, location: 2F 0-2: Ball 1-2: Ball 2-2: Strikes out swinging
|
Bottom of the 1st over - 2 runs, 3 hits, 1 error, 1 left on base; Chester 4 - Paris 2 |
TOP OF THE 2ND |
Chester Pirates batting - Pitching for Paris Cubs : LHP Ricardo Saucedo
|
Batting: RHB Erik Mulligan
|
0-0: Foul Ball, location: 2F 0-1: Called Strike 0-2: Strikes out looking
|
Batting: LHB Chad Cutler
|
0-0: Ball 1-0: Fly out, F8 (Flyball, 89D, EV 93.1 MPH)
|
Batting: SHB Don Hauk
|
0-0: Called Strike 0-1: Foul Ball, location: 2F 0-2: Ball 1-2: Ball 2-2: Ball 3-2: Base on Balls
|
Batting: RHB Tim Moore
|
0-0: Called Strike Don Hauk is caught stealing 2nd base 2-4
|
Top of the 2nd over - 0 runs, 0 hits, 0 errors, 0 left on base; Chester 4 - Paris 2 |
BOTTOM OF THE 2ND |
Paris Cubs batting - Pitching for Chester Pirates : LHP Stan Stirnweiss
|
Batting: LHB Wing-tat Tai
|
0-0: Called Strike 0-1: SINGLE (Line Drive, 4M, EV 98.1 MPH)
|
Batting: RHB T.J. Garrison
|
0-0: Called Strike 0-1: Swinging Strike 0-2: Ball 1-2: Strikes out swinging
|
Batting: LHB Hiroki Yamamoto
|
0-0: Ball 1-0: Fly out, F9 (Flyball, 9LS, EV 93.8 MPH)
|
Batting: RHB Rich Thurman
|
0-0: Foul Ball, location: 2F 0-1: Ball 1-1: Ball 2-1: Ball 3-1: Swinging Strike 3-2: Foul Ball, location: 2F 3-2: Strikes out swinging
|
Bottom of the 2nd over - 0 runs, 1 hit, 0 errors, 1 left on base; Chester 4 - Paris 2 |
TOP OF THE 3RD |
Chester Pirates batting - Pitching for Paris Cubs : LHP Ricardo Saucedo
|
Batting: RHB Tim Moore
|
0-0: Ball 1-0: Fly out, F7 (Line Drive, 7, EV 92.5 MPH)
|
Batting: RHB Jeff Edwards
|
0-0: Called Strike 0-1: SINGLE (Groundball, 4MD, EV 105.0 MPH)
|
Batting: LHB Carlos Vega
|
0-0: Ball 1-0: Called Strike 1-1: Fielders Choice at 2nd, 2-6 (Groundball, 2R, EV 68.8 MPH)
|
Batting: RHB Frank Elizondo
|
0-0: Ball 1-0: Foul Ball, location: 2F 1-1: Reached on error, E5 (Groundball, 25, EV 88.1 MPH) Carlos Vega to third
|
Batting: LHB Dustin Herman
|
0-0: Ground out 4-3 (Groundball, 4, EV 79.4 MPH)
|
Top of the 3rd over - 0 runs, 1 hit, 1 error, 2 left on base; Chester 4 - Paris 2 |
BOTTOM OF THE 3RD |
Paris Cubs batting - Pitching for Chester Pirates : LHP Stan Stirnweiss
|
Batting: RHB Eric Wiss
|
0-0: Ball 1-0: Called Strike 1-1: Ground out 6-3 (Groundball, 6MD, EV 88.1 MPH)
|
Batting: RHB Gilberto Alvarado
|
0-0: Ball 1-0: Ground out 3-1 (Groundball, 34S, EV 85.6 MPH)
|
Batting: LHB Emir Jalil
|
0-0: Foul Ball, location: 2F 0-1: Ball 1-1: Ball 2-1: Ball 3-1: Base on Balls
|
Batting: RHB Armando Vilano
|
0-0: SINGLE (Groundball, 6D, EV 97.5 MPH) Emir Jalil to second Runner from 2nd tries for 3rd, SAFE, no throw by CF
|
Batting: RHB Josh Burns
|
0-0: Called Strike 0-1: Ball 1-1: Ball 2-1: Ball 3-1: Base on Balls Armando Vilano to second
|
Batting: LHB Wing-tat Tai
|
0-0: Fly out, F7 (Flyball, 7, EV 93.1 MPH)
|
Bottom of the 3rd over - 0 runs, 1 hit, 0 errors, 3 left on base; Chester 4 - Paris 2 |
TOP OF THE 4TH |
Chester Pirates batting - Pitching for Paris Cubs : LHP Ricardo Saucedo
|
Batting: RHB Dan Kurtz
|
0-0: Ball 1-0: Fly out, F9 (Flyball, 9S, EV 86.9 MPH)
|
Batting: RHB Erik Mulligan
|
0-0: Ball 1-0: Called Strike 1-1: Ball 2-1: Fly out, F7 (Flyball, 7, EV 85.0 MPH)
|
Batting: LHB Chad Cutler
|
0-0: Ball 1-0: Ground out 4-3 (Groundball, 4, EV 83.1 MPH)
|
Top of the 4th over - 0 runs, 0 hits, 0 errors, 0 left on base; Chester 4 - Paris 2 |
BOTTOM OF THE 4TH |
Paris Cubs batting - Pitching for Chester Pirates : LHP Stan Stirnweiss
|
Batting: RHB T.J. Garrison
|
0-0: Called Strike 0-1: Swinging Strike 0-2: Ball 1-2: Strikes out looking
|
Batting: LHB Hiroki Yamamoto
|
0-0: Ground out 3-1 (Groundball, 34S, EV 78.1 MPH)
|
Batting: RHB Rich Thurman
|
0-0: Called Strike 0-1: Ball 1-1: Ball 2-1: Foul Ball, location: 2F 2-2: Foul Ball, location: 2F 2-2: Ball 3-2: Base on Balls
|
Batting: RHB Eric Wiss
|
0-0: Ball 1-0: Ball 2-0: Called Strike 2-1: Foul Ball, location: 2F 2-2: Foul Ball, location: 2F 2-2: Ball 3-2: Base on Balls Rich Thurman to second
|
Batting: RHB Gilberto Alvarado
|
0-0: Ball 1-0: Ball 2-0: Fly out, F8 (Line Drive, 8RD, EV 91.2 MPH)
|
Bottom of the 4th over - 0 runs, 0 hits, 0 errors, 2 left on base; Chester 4 - Paris 2 |
TOP OF THE 5TH |
Chester Pirates batting - Pitching for Paris Cubs : LHP Ricardo Saucedo
|
Batting: SHB Don Hauk
|
0-0: Called Strike 0-1: Swinging Strike 0-2: Foul Ball, location: 2F 0-2: Ball 1-2: Strikes out swinging
|
Batting: RHB Tim Moore
|
0-0: Swinging Strike 0-1: Ball 1-1: Fly out, F9 (Flyball, 89S, EV 76.9 MPH)
|
Batting: RHB Jeff Edwards
|
0-0: Swinging Strike 0-1: Ball 1-1: Ball 2-1: Foul Ball, location: 2F 2-2: Foul Ball, location: 2F 2-2: Strikes out looking
|
Top of the 5th over - 0 runs, 0 hits, 0 errors, 0 left on base; Chester 4 - Paris 2 |
BOTTOM OF THE 5TH |
Paris Cubs batting - Pitching for Chester Pirates : LHP Stan Stirnweiss
|
Batting: LHB Emir Jalil
|
0-0: Ball 1-0: Ball 2-0: Called Strike 2-1: Ball 3-1: Fly out, F9 (Flyball, 9LM, EV 85.6 MPH)
|
Batting: RHB Armando Vilano
|
0-0: Ball 1-0: Ball 2-0: Ball 3-0: Called Strike 3-1: Foul Ball, location: 2F 3-2: Fly out, F4 (Popup, 34S, EV 87.5 MPH)
|
Batting: RHB Josh Burns
|
0-0: Called Strike 0-1: Ball 1-1: Foul Ball, location: 2F 1-2: Ball 2-2: SINGLE (Line Drive, 8LS, EV 99.4 MPH)
|
Pitching: RHP Kyle Davis
|
|
Batting: LHB Wing-tat Tai
|
0-0: Fly out, F3 (Line Drive, 3, EV 64.4 MPH)
|
Bottom of the 5th over - 0 runs, 1 hit, 0 errors, 1 left on base; Chester 4 - Paris 2 |
TOP OF THE 6TH |
Chester Pirates batting - Pitching for Paris Cubs : LHP Ricardo Saucedo
|
Batting: LHB Carlos Vega
|
0-0: Ball 1-0: Called Strike 1-1: Ground out U3 (Groundball, 3L, EV 103.1 MPH)
|
Batting: RHB Frank Elizondo
|
0-0: Ball 1-0: DOUBLE (Line Drive, 78M, EV 88.8 MPH)
|
Batting: LHB Dustin Herman
|
0-0: Called Strike 0-1: Foul Ball, location: 2F 0-2: Strikes out looking
|
Batting: RHB Dan Kurtz
|
0-0: Called Strike 0-1: Ball Wild Pitch! Frank Elizondo to third 1-1: Ball 2-1: Ball 3-1: Foul Ball, location: 2F 3-2: Foul Ball, location: 2F 3-2: Base on Balls
|
Batting: RHB Erik Mulligan
|
0-0: Ball 1-0: Ball 2-0: Called Strike 2-1: Fly out, F3 (Popup, 3SF, EV 82.5 MPH)
|
Top of the 6th over - 0 runs, 1 hit, 0 errors, 2 left on base; Chester 4 - Paris 2 |
BOTTOM OF THE 6TH |
Paris Cubs batting - Pitching for Chester Pirates : RHP Kyle Davis
|
Batting: RHB T.J. Garrison
|
0-0: Ball 1-0: Ball 2-0: Foul Ball, location: 2F 2-1: Foul Ball, location: 2F 2-2: Ball 3-2: SINGLE (Line Drive, 8LS, EV 92.5 MPH)
|
Batting: LHB Hiroki Yamamoto
|
0-0: Ball Wild Pitch! T.J. Garrison to second 1-0: Ground out 6-3 (Groundball, 56, EV 97.5 MPH)
|
Batting: RHB Rich Thurman
|
0-0: Called Strike 0-1: Fly out, F3 (Popup, 23F, EV 90.0 MPH)
|
Batting: RHB Eric Wiss
|
0-0: Ball 1-0: Called Strike 1-1: Fly out, F7 (Flyball, 78M, EV 88.8 MPH)
|
Bottom of the 6th over - 0 runs, 1 hit, 0 errors, 1 left on base; Chester 4 - Paris 2 |
TOP OF THE 7TH |
Chester Pirates batting - Pitching for Paris Cubs : LHP Ricardo Saucedo
|
Pinch Hitting: RHB Melvin Durland
|
0-0: Called Strike 0-1: Fly out, F4 (Popup, 4, EV 81.9 MPH)
|
Pitching: RHP Velimir Sljivancanin
|
|
Batting: SHB Don Hauk
|
0-0: Ball 1-0: Called Strike 1-1: Swinging Strike 1-2: Ball 2-2: Strikes out swinging
|
Batting: RHB Tim Moore
|
0-0: Called Strike 0-1: Ground out 3-1 (Groundball, 34S, EV 86.9 MPH)
|
Top of the 7th over - 0 runs, 0 hits, 0 errors, 0 left on base; Chester 4 - Paris 2 |
BOTTOM OF THE 7TH |
Paris Cubs batting - Pitching for Chester Pirates : RHP Kyle Davis
|
Pitching: RHP Tony Ortiz
|
|
Now at 1B: Dustin Herman
|
|
Now at SS: Alex Arzate
|
|
Now in LF: Melvin Durland
|
|
Now in CF: Don Hauk
|
|
Batting: RHB Gilberto Alvarado
|
0-0: Ball 1-0: Ball 2-0: Called Strike 2-1: Called Strike 2-2: Fly out, F3 (Flyball, 34D, EV 86.9 MPH)
|
Batting: LHB Emir Jalil
|
0-0: Ball 1-0: Called Strike 1-1: Ball 2-1: Ball 3-1: Base on Balls
|
Batting: RHB Armando Vilano
|
0-0: Ball 1-0: Foul Ball, location: 2F 1-1: Grounds into double play, 4-6-3 (Groundball, 4S, EV 82.5 MPH)
|
Bottom of the 7th over - 0 runs, 0 hits, 0 errors, 0 left on base; Chester 4 - Paris 2 |
TOP OF THE 8TH |
Chester Pirates batting - Pitching for Paris Cubs : RHP Velimir Sljivancanin
|
Batting: RHB Jeff Edwards
|
0-0: Ground out 2-3 (Groundball, 2L, EV 74.4 MPH)
|
Batting: LHB Carlos Vega
|
0-0: Ball 1-0: Ball 2-0: Called Strike 2-1: SOLO HOME RUN (Flyball, 9LD, EV 90.0 MPH), Distance : 336 ft
|
Batting: RHB Frank Elizondo
|
0-0: Fly out, F9 (Flyball, 9D, EV 110.0 MPH)
|
Batting: LHB Dustin Herman
|
0-0: Ball 1-0: Ball 2-0: Called Strike 2-1: Ball 3-1: Base on Balls
|
Batting: RHB Dan Kurtz
|
0-0: Ball 1-0: Foul Ball, location: 2F 1-1: Ball 2-1: Called Strike 2-2: Foul Ball, location: 2F 2-2: Strikes out swinging, 2-3 out at first.
|
Top of the 8th over - 1 run, 1 hit, 0 errors, 1 left on base; Chester 5 - Paris 2 |
BOTTOM OF THE 8TH |
Paris Cubs batting - Pitching for Chester Pirates : RHP Tony Ortiz
|
Pitching: RHP Fred McIlrath
|
|
Batting: RHB Josh Burns
|
0-0: Ball 1-0: SINGLE (Groundball, 6S, EV 70.0 MPH) (infield hit)
|
Batting: LHB Wing-tat Tai
|
0-0: SINGLE (Flyball, 89S, EV 95.0 MPH) Josh Burns to second
|
Batting: RHB T.J. Garrison
|
0-0: Called Strike 0-1: Swinging Strike 0-2: Ball 1-2: Ball 2-2: Foul Ball, location: 2F 2-2: Strikes out swinging
|
Batting: LHB Hiroki Yamamoto
|
0-0: Grounds into double play, 5-4-3 (Groundball, 56S, EV 84.4 MPH)
|
Bottom of the 8th over - 0 runs, 2 hits, 0 errors, 1 left on base; Chester 5 - Paris 2 |
TOP OF THE 9TH |
Chester Pirates batting - Pitching for Paris Cubs : RHP Velimir Sljivancanin
|
Pitching: LHP Alex Gandarilla
|
|
Pinch Hitting: RHB Dave Fredericks
|
0-0: Ball 1-0: Fly out, F8 (Flyball, 8RXD, EV 92.5 MPH)
|
Batting: RHB Melvin Durland
|
0-0: Foul Ball, location: 2F 0-1: Swinging Strike 0-2: Ball 1-2: Strikes out swinging
|
Batting: SHB Don Hauk
|
0-0: Called Strike 0-1: Ball 1-1: Called Strike 1-2: Ground out 4-3 (Groundball, 4, EV 80.6 MPH)
|
Top of the 9th over - 0 runs, 0 hits, 0 errors, 0 left on base; Chester 5 - Paris 2 |
BOTTOM OF THE 9TH |
Paris Cubs batting - Pitching for Chester Pirates : RHP Fred McIlrath
|
Pitching: LHP Adam Clarke
|
|
Now at 2B: Ken Manser
|
|
Batting: RHB Rich Thurman
|
0-0: Swinging Strike 0-1: Ball 1-1: DOUBLE (Flyball, 8LD, EV 103.1 MPH)
|
Batting: RHB Eric Wiss
|
0-0: Called Strike 0-1: Ball 1-1: Swinging Strike 1-2: Fly out, F8 (Flyball, 8LD, EV 92.5 MPH)
|
Batting: RHB Gilberto Alvarado
|
0-0: DOUBLE (Line Drive, 78D, EV 105.6 MPH) Rich Thurman scores
|
Batting: LHB Emir Jalil
|
0-0: Called Strike 0-1: Ground out 6-3 (Groundball, 4M, EV 105.6 MPH) Gilberto Alvarado to third
|
Batting: RHB Armando Vilano
|
0-0: Foul Ball, location: 2F 0-1: Ball 1-1: Ball 2-1: Swinging Strike 2-2: Strikes out swinging
|
Bottom of the 9th over - 1 run, 2 hits, 0 errors, 1 left on base; Chester 5 - Paris 3 |
|